 Dungeon Crawl Stone Soup version 0.28-a0-384-g9e0c098162 (webtiles) character file.

Game seed: 15761301281925856245

241 rogsnak the Firebug (level 5, -1/35 HPs)
             Began as a Demonspawn Fire Elementalist on Sept 2, 2021.
             Was an Initiate of Sif Muna.
             Succumbed to a scorpion's poison
             ... on level 4 of the Dungeon.
             The game lasted 00:07:34 (3851 turns).

rogsnak the Firebug (Demonspawn Fire Elementalist)  Turns: 3851, Time: 00:07:35

Health: -1/35      AC:  7    Str:  8    XL:     5   Next: 80%
Magic:  2/9        EV: 12    Int: 18    God:    Sif Muna [......]
Gold:   210        SH:  0    Dex: 13    Spells: 5/10 levels left

rFire   . . .      SeeInvis .   s - +0 whip (elec)
rCold   . . .      Faith    .   (no shield)
rNeg    . . .      Spirit   .   a - +0 robe
rPois   .          Reflect  .   n - +2 helmet
rElec   .          Harm     .   (no cloak)
rCorr   .          Rampage  .   g - +0 pair of gloves
Will    .....                   p - +0 pair of boots
Stlth   ++........              r - amulet of magic regeneration
HPRegen 0.11/turn               (no ring)
MPRegen 0.36/turn               (no ring)

@: lethally poisoned (-1 -> -23), very slightly contaminated
A: claws 2, spiny 1
a: Renounce Religion


You were on level 4 of the Dungeon.
You worshipped Sif Muna.
Sif Muna was noncommittal.
You visited 1 branch of the dungeon, and saw 4 of its levels.

You collected 210 gold pieces.

Inventory:

Hand Weapons
 c - a +0 dagger
 f - a +0 falchion
 s - a +0 whip of electrocution (weapon)
Missiles
 b - 68 stones
 e - 2 boomerangs
Armour
 a - a +0 robe (worn)
 g - a +0 pair of gloves (worn)
 n - a +2 helmet (worn)
 p - a +0 pair of boots (worn)
 v - a +0 buckler
Jewellery
 j - a ring of ice
 r - an amulet of magic regeneration (around neck)
Scrolls
 d - a scroll of blinking {unknown}
 i - 3 scrolls of amnesia {unknown}
 k - 2 scrolls of fear {unknown}
 l - a scroll of noise {unknown}
 m - a scroll of magic mapping {unknown}
 o - a scroll of enchant weapon {unknown}
 t - a scroll of silence {unknown}
 w - a scroll of acquirement {unknown}
Potions
 h - a potion of resistance {unknown}
 q - a potion of degeneration {unknown}
 u - 2 potions of heal wounds {unknown}


   Skills:
 + Level 1.9 Dodging
 - Level 1.7 Stealth
 + Level 3.2 Spellcasting
 * Level 3.6 Conjurations
 + Level 4.1 Fire Magic


You had 5 spell levels left.
You knew the following spells:

 Your Spells              Type           Power      Damage    Failure   Level
a - Foxfire               Conj/Fire      64%        2x1d7     3%          1
b - Sticky Flame          Conj/Fire      16%        2d4       32%         4

Your spell library contained the following spells:

 Spells                   Type           Power      Damage    Failure   Level
 Scorch                   Fire           34%        2d7       4%          2
 Conjure Flame            Conj/Fire      16%        6-21      10%         3
 Inner Flame              Hex/Fire       10%        N/A       21%         3
 Fireball                 Conj/Fire      8%         3d6       65%         5


Dungeon Overview and Level Annotations

Branches:
Dungeon (4/15)
 Temple: D:4-7

Altars:
Fedhas
Sif Muna

Shops:
D:2 =*


Innate Abilities, Weirdness & Mutations

You have very sharp fingernails.
You are partially covered in sharp spines.


Message History

Your foxfire dissipates!
You start resting.
Your magical contamination has completely faded away.
You start resting.
Magic restored.
You start resting.
HP restored.
You climb downwards.
The scorpion stings you.
You are poisoned.
The scorpion poisons you!
There is a stone staircase leading up, spattered with blood here.
Casting: Foxfire (safe; 3% risk of failure)
Confirm with . or Enter, or press ? or * to list all spells.
The spell is extremely dangerous to cast (32% risk of failure)!
Continue anyway?
Aiming: Sticky Flame (extremely dangerous; 32% risk of failure)
Press: ? - help, Shift-Dir - straight line, f - scorpion
Aim: a scorpion (moderately wounded, 100% to hit)
You miscast Sticky Flame.
You are very lightly contaminated with residual magic.
You are blasted with fire.
You feel very sick. The scorpion is struck by your spines.
The scorpion stings you.
You are lethally poisoned!
The scorpion poisons you! The scorpion stings you.
Casting: Sticky Flame (extremely dangerous; 32% risk of failure)
Confirm with . or Enter, or press ? or * to list all spells.
The spell is extremely dangerous to cast (32% risk of failure)!
Continue anyway?
Aiming: Sticky Flame (extremely dangerous; 32% risk of failure)
Press: ? - help, Shift-Dir - straight line, f/p - scorpion
Aim: a scorpion (heavily wounded, 100% to hit)
You miscast Sticky Flame.
Nothing appears to happen.
You feel very sick. The scorpion stings you.
* * * LOW HITPOINT WARNING * * *
You are more poisoned.
The scorpion poisons you!
A ball python and a kobold come into view.
* * * LOW HITPOINT WARNING * * *
You feel very sick.
You die...

.....†?.... .
#$..#....##
..###...#.......
.......<........
................
#>.# .#.# #.s#
.....
#..##...#.#
#..@..K..#
#.##.##.## ...
?.S #### .### .#
##


You could see a scorpion, a ball python (asleep) and a kobold (asleep).

Vanquished Creatures
  A hound (D:3)
  A centaur zombie (D:4)
  2 orc wizards (D:3)
  5 adders
  4 worms
  2 dart slugs (D:1)
  3 orcs (D:3)
  4 endoplasms
  2 giant cockroaches
  6 goblins
  8 hobgoblins
  4 jackals (D:1)
  3 quokkas
  2 ball pythons (D:2)
  7 bats
  2 frilled lizards
  8 kobolds
  8 rats
72 creatures vanquished.

Vanquished Creatures (others)
  227 foxfires
  5 plants (D:1)
  11 withered plants (D:1)
243 creatures vanquished.

Grand Total: 315 creatures vanquished

Notes
Turn   | Place    | Note
-------+----------+-------------------------------------------
     0 | D:1      | rogsnak the Demonspawn Fire Elementalist began the quest
                  | for the Orb.
     0 | D:1      | Reached XP level 1. HP: 13/13 MP: 3/3
   126 | D:1      | Found a faded altar of an unknown god.
   243 | D:1      | Reached skill level 3 in Fire Magic
   243 | D:1      | Gained mutation: You are partially covered in sharp spines.
                  | [demonic ancestry]
   243 | D:1      | Reached XP level 2. HP: 17/19 MP: 0/5
   839 | D:1      | Gained mutation: You have sharp fingernails. [demonic
                  | ancestry]
   839 | D:1      | Reached XP level 3. HP: 24/24 MP: 3/6
  1494 | D:2      | You fall into a shaft and drop 2 floors!
  1500 | D:4      | Gained mutation: You have very sharp fingernails. [demonic
                  | ancestry]
  1500 | D:4      | Reached XP level 4. HP: 30/30 MP: 0/7
  1643 | D:3      | Found a blossoming altar of Fedhas.
  1986 | D:2      | Found Voherur's Assorted Antiques.
  2057 | D:2      | Found Vuqil's Jewellery Boutique.
  2504 | D:2      | Learned a level 4 spell: Sticky Flame
  2566 | D:2      | Reached XP level 5. HP: 35/35 MP: 9/9
  2986 | D:3      | Noticed an ice beast
  3377 | D:3      | Found a shimmering blue altar of Sif Muna.
  3385 | D:3      | Became a worshipper of Sif Muna the Loreminder
  3398 | D:3      | Reached skill level 4 in Fire Magic
  3851 | D:4      | Succumbed to a scorpion's poison

Illustrated notes

Levels and vault maps discovered:
D:1:      minmay_arrival_shattered_statue, layout_basic,
          shapermc_ecumenical_altar_flowoftime, st_stairs_3,
          lemuel_another_geyser
D:2:      layout_basic, serial_shops,
          nicolae_shop_temple_entry_statues_fountains, nicolae_shop_waterfront
D:3:      layout_rooms, led_sif_book, nicolae_overflow_crystal_walls,
          amcnicky_mini_pool_small
D:4:      layout_loops_ring, yredelemnul_forgotten_temple_becter,
          okawaru_gym_becter, uniq_grinder, uniq_pikel

Skill      XL: |  1  2  3  4  5 |
---------------+----------------+-----
Fire Magic     | 3 4 |  4.1
Conjurations   | 2 3 |  3.6
Spellcasting   | 3 |  3.2
Dodging        | |  1.9
Stealth        | |  1.7

Action                   |  1- 3 |  4- 6 || total
-------------------------+-------+-------++-------
Melee: Dagger            |     3 |       ||     3
       Unarmed           |     2 |       ||     2
       Falchion          |    10 |     5 ||    15
       Whip              |       |     6 ||     6
 Cast: Foxfire           |    60 |    80 ||   140
Armor: Robe              |     2 |     5 ||     7
Dodge: Dodged            |     7 |    11 ||    18

Table legend: (Time is in decaauts)
 A = Elapsed time spent in this place.
 B = Non-inter-level travel time spent in this place.
 C = Inter-level travel time spent in this place.
 D = Time resting spent in this place.
 E = Time spent auto-exploring this place.
 F = Levels seen in this place.
 G = Mean time per level.
                   A        B        C        D        E       F      G
               +--------+--------+--------+--------+--------+-----+--------+
         Total |   3857 |   3723 |    134 |    652 |   2441 |   4 |  964.2 |
       Dungeon |   3857 |   3723 |    134 |    652 |   2441 |   4 |  964.2 |
               +--------+--------+--------+--------+--------+-----+--------+

Top non-repeatable levels by time:
     D:1: 1412 daAuts
     D:2: 1303 daAuts
     D:3: 1053 daAuts
     D:4: 88 daAuts
